 Dungeon Crawl Stone Soup version 0.20.0-4-g10b340a (webtiles) character file.

834 Chiseanne the Magician (level 7, -9/42 HPs)
             Began as a Deep Elf Arcane Marksman on May 28, 2017.
             Was a Believer of Vehumet.
             Killed by divine providence
             ... invoked by an orc priest
              (12 damage)
             ... in the Ecumenical Temple.
             The game lasted 00:13:36 (6347 turns).

Chiseanne the Magician (Deep Elf Arcane Marksman)   Turns: 6347, Time: 00:13:37

Health: -9/42      AC:  7    Str:  8    XL:     7   Next: 66%
Magic:  17/17      EV: 12    Int: 19    God:    Vehumet [**....]
Gold:   260        SH:  0    Dex: 19    Spells: 17/17 levels left

rFire    . . .     SeeInvis .   a - +1 spear (venom)
rCold    . . .     Gourm    .   (no shield)
rNeg     + . .     Faith    +   y - +1 ring mail {rN+}
rPois    .         Spirit   .   x - +0 helmet
rElec    .         Reflect  .   (no cloak)
rCorr    .         Harm     .   (no gloves)
MR       .....                  (no boots)
Stlth    +.........             s - amulet of faith
Regen    0.2/turn               o - +4 ring of dexterity
MPRegen  0.2/turn               (no ring)

@: no status effects
A: no striking features
a: Renounce Religion


You were in the Ecumenical Temple.
You worshipped Vehumet.
Vehumet was pleased with you.
You were not hungry.

You visited 2 branches of the dungeon, and saw 6 of its levels.

You collected 260 gold pieces.

Inventory:

Hand Weapons
 a - a +1 spear of venom (weapon)
 w - a +0 hunting sling
Missiles
 d - 21 sling bullets
 g - 132 arrows
 j - 37 bolts
 l - 111 stones (quivered)
 B - a throwing net
 D - 8 silver javelins
Armour
 x - a +0 helmet (worn)
 y - a +1 ring mail of positive energy (worn)
Magical Staves
 F - an uncursed staff of air
Jewellery
 o - a +4 ring of dexterity (left hand)
 s - an amulet of faith (around neck)
 A - an uncursed ring of see invisible {unknown}
Wands
 z - a wand of random effects (14/48)
Scrolls
 i - a scroll of immolation
 t - 2 scrolls of remove curse
 G - a scroll of magic mapping
 H - a scroll of amnesia
Potions
 e - a potion of flight {unknown}
 k - a potion of mutation {unknown}
 m - 2 potions of berserk rage
 q - a potion of degeneration {unknown}
 r - 2 potions of resistance
 u - a potion of ambrosia {unknown}
 C - a potion of haste
 E - a potion of lignification {unknown}
Books
 c - a book of Debilitation

   Spells                             Type                      Level
   a - Corona                         Hexes                        1
   b - Slow                           Hexes                        2
   c - Inner Flame                    Hexes/Fire                   3
   d - Portal Projectile              Hexes/Translocation          3
   e - Cause Fear                     Hexes                        4
   f - Leda's Liquefaction            Hexes/Earth                  4
 p - Vehumet's Almanac of Attacks
   (You found it on level 2 of the Dungeon)

   Spells                             Type                      Level
   a - Magic Dart                     Conjuration                  1
Comestibles
 f - 3 bread rations
 n - a meat ration
 v - a royal jelly


   Skills:
 * Level 3.9 Fighting
 - Level 1.5(2.1) Slings
 - Level 2.4(2.8) Throwing
 * Level 3.3 Armour
 - Level 3.9 Dodging
 * Level 5.8 Spellcasting
   Level 4.0 Hexes


You had 17 spell levels left.
You didn't know any spells.

Dungeon Overview and Level Annotations

Branches:
Dungeon (5/15)             Temple (1/1) D:5

Altars:
Ashenzari
Elyvilon
Kikubaaqudgha
Makhleb
Sif Muna
Uskayaw
Vehumet
Xom
Yredelemnul
The Shining One

Annotations:
D:5 Eustachio


Message History

You hit the howler monkey skeleton.
The howler monkey skeleton is lightly damaged.
The orc priest hits you with a short sword.
* * * LOW HITPOINT WARNING * * *
Eustachio barely misses you.
The howler monkey skeleton barely misses you.
The orc splashes around in the water.
The howler monkey skeleton splashes around in the water.
Eustachio casts a spell.
Eustachio blinks!
There is a staircase to the Ecumenical Temple here.
The howler monkey skeleton hits you but does no damage.
Eustachio mumbles some strange words.
You climb downwards.
Welcome to the Ecumenical Temple!
Found a basalt altar of Yredelemnul and a hide-covered altar of Uskayaw.
There is a staircase back to the Dungeon here.
You feel better.
The orc priest calls down the wrath of Beogh upon you.
Beogh smites you!
You die...

≈≈≈≈≈≈≈ ≈≈≈≈≈≈≈
≈≈≈≈≈≈≈ ≈≈≈≈≈≈≈
≈≈≈≈≈≈≈ ≈
≈≈≈≈≈.≈### ≈≈≈
≈≈≈≈≈.8.8#≈≈≈≈≈
≈≈≈≈≈≈≈@≈≈≈≈≈≈≈
≈≈≈≈≈#o≈.#≈≈≈≈≈
≈≈≈ #≈..≈≈≈ ≈≈≈
≈ #8......≈≈ ≈
#≈.≈...≈≈≈≈≈
≈_≈...._≈≈≈≈
≈≈...≈≈≈.#≈≈≈
≈≈#.≈.≈.≈.≈≈≈≈


You could see an orc priest.

Vanquished Creatures
  A necrophage (D:5)
  2 ogres (D:5)
  A centaur (D:5)
  A crimson imp (D:4)
  A hound (D:4)
  Terence (D:2)
  2 worker ants (D:4)
  Natasha (thrice) (D:2)
  An orc wizard (D:3)
  6 adders
  7 gnolls
  An ooze (D:1)
  4 worms
  4 dart slugs
  3 leopard geckos
  6 orcs (D:3)
  5 ball pythons
  7 bats
  6 giant cockroaches
  5 goblins
  8 hobgoblins
  12 jackals
  4 quokkas
  3 frilled lizards (D:3)
  6 kobolds
  4 rats
104 creatures vanquished.

Vanquished Creatures (others)
  A bullfrog skeleton (D:5)
1 creature vanquished.

Grand Total: 105 creatures vanquished

Notes
Turn   | Place    | Note
-------+----------+-------------------------------------------
     0 | D:1      | Chiseanne the Deep Elf Arcane Marksman began the quest for the Orb.
     0 | D:1      | Reached XP level 1. HP: 11/11 MP: 5/5
    18 | D:1      | Reached skill level 1 in Fighting
   194 | D:1      | Reached XP level 2. HP: 12/16 MP: 6/6
   452 | D:1      | Reached skill level 1 in Throwing
  1050 | D:2      | Reached XP level 3. HP: 20/20 MP: 7/7
  1189 | D:2      | Noticed Terence
  1190 | D:2      | Found a glowing golden altar of the Shining One.
  1198 | D:2      | Killed Terence
  1198 | D:2      | Reached XP level 4. HP: 19/26 MP: 8/8
  1369 | D:2      | Found a burning altar of Makhleb.
  1371 | D:2      | Noticed a balrug
  2046 | D:2      | Noticed Natasha
  2050 | D:2      | Found a deep blue altar of Sif Muna.
  2059 | D:2      | Killed Natasha
  2059 | D:2      | Reached skill level 1 in Armour
  2059 | D:2      | Reached XP level 5. HP: 17/30 MP: 9/9
  2060 | D:2      | Found an ancient bone altar of Kikubaaqudgha.
  2060 | D:2      | Found a radiant altar of Vehumet.
  2192 | D:2      | Identified Vehumet's Almanac of Attacks
  2195 | D:2      | Became a worshipper of Vehumet
  2379 | D:2      | Noticed Natasha
  2394 | D:2      | Killed Natasha
  2394 | D:2      | Reached skill level 2 in Spellcasting
  2971 | D:2      | Noticed Natasha
  2984 | D:2      | Killed Natasha
  3131 | D:3      | Reached * piety under Vehumet
  3131 | D:3      | Offered knowledge of Sandblast by Vehumet.
  3420 | D:3      | Reached skill level 3 in Spellcasting
  3686 | D:3      | Reached XP level 6. HP: 22/36 MP: 12/12
  4211 | D:3      | Found a white marble altar of Elyvilon.
  4643 | D:4      | Found a glowing drain.
  4652 | D:4      | Offered knowledge of Throw Flame by Vehumet.
  4718 | D:4      | Found a shimmering altar of Xom.
  4719 | D:4      | Found a shimmering altar of Xom.
  4719 | D:4      | Found a shimmering altar of Xom.
  4828 | D:4      | Reached ** piety under Vehumet
  5150 | D:4      | Found a shimmering altar of Xom.
  5151 | D:4      | Found a shimmering altar of Xom.
  5151 | D:4      | Found a shimmering altar of Xom.
  5151 | D:4      | Found a shimmering altar of Xom.
  5151 | D:4      | Found a shimmering altar of Xom.
  5165 | D:4      | Reached skill level 4 in Spellcasting
  5522 | D:5      | Entered Level 5 of the Dungeon
  5600 | D:5      | Reached XP level 7. HP: 12/36 MP: 14/16
  5984 | D:5      | Found a shattered altar of Ashenzari.
  6000 | D:5      | Reached skill level 5 in Spellcasting
  6312 | D:5      | Noticed Eustachio
  6336 | D:5      | Found a staircase to the Ecumenical Temple.
  6341 | D:5      | HP: 1/37 [Eustachio/rapier (3)]
  6346 | Temple   | Entered the Ecumenical Temple
  6347 | Temple   | Killed from afar by an orc priest

Skill      XL: |  1  2  3  4  5  6  7 |
---------------+----------------------+-----
Fighting       | 1 2 3 |  3.9
Throwing       | 1 2 |  2.4
Dodging        | 3 |  3.9
Armour         | 1 2 3 |  3.3
Spellcasting   | 3 4 5 |  5.8
Slings         | |  1.5
Hexes          | |  4.0

Action                   |  1- 3 |  4- 6 |  7- 9 || total
-------------------------+-------+-------+-------++-------
Melee: Spear             |    24 |   260 |    56 ||   340
       Unarmed           |       |     7 |       ||     7
 Fire: Hunting sling     |    45 |    11 |       ||    56
Throw: Stone             |       |     7 |       ||     7
Evoke: Wand              |       |       |     1 ||     1
  Use: Scroll            |     2 |     8 |     1 ||    11
       Potion            |       |     2 |     2 ||     4
 Stab: Sleeping          |     1 |     1 |     1 ||     3
       Paralysed         |       |       |     8 ||     8
       Invisible         |       |       |     1 ||     1
  Eat: Chunk             |     1 |    12 |     2 ||    15
       Royal jelly       |       |       |     1 ||     1
Armor: Leather armour    |     9 |       |       ||     9
       Ring mail         |       |    74 |    24 ||    98
       Scale mail        |       |     4 |       ||     4
Dodge: Dodged            |    29 |   160 |    51 ||   240
